| TOP OF THE 1ST |
|
Tennessee Smokies batting - Pitching for Reading Fightin Phils : RHP Chad Capaldi
|
|
Pitching: RHP Chad Capaldi
|
|
|
Batting: RHB Khalil Stephens
|
0-0: Swinging Strike 0-1: Ball 1-1: Called Strike 1-2: Ball 2-2: Strikes out looking
|
|
Batting: RHB Heef Harted
|
0-0: Ball 1-0: Foul Ball, location: 2F 1-1: Ball 2-1: Reached via error on a dropped throw from 1B, E1 (Groundball, 34S, EV 83.1 MPH)
|
|
Batting: RHB Bobby Gray
|
0-0: Called Strike 0-1: Called Strike 0-2: Ball 1-2: Foul Ball, location: 2F 1-2: Ball 2-2: Strikes out swinging
|
|
Batting: RHB Leonardo Nava
|
0-0: Called Strike 0-1: Ball 1-1: Called Strike 1-2: Ball 2-2: Ball Heef Harted steals 2nd base 3-2: SINGLE (Line Drive, 9S, EV 96.2 MPH) Heef Harted to third Runner from 3rd tries for Home, SAFE, throw by RF to home
|
|
Batting: RHB Sam Sours
|
0-0: Ball 1-0: Ball 2-0: Called Strike 2-1: Foul Ball, location: 2F 2-2: Foul Ball, location: 2F 2-2: Fielders Choice at 2nd, 5-4 (Groundball, 56, EV 102.5 MPH)
|
| Top of the 1st over - 1 run, 1 hit, 1 error, 1 left on base; Tennessee 1 - Reading 0 |
| BOTTOM OF THE 1ST |
|
Reading Fightin Phils batting - Pitching for Tennessee Smokies : LHP Colin Scott
|
|
Pitching: LHP Colin Scott
|
|
|
Batting: RHB Steve Jones
|
0-0: Ball 1-0: Foul Ball, location: 2F 1-1: SINGLE (Groundball, 34, EV 94.4 MPH)
|
|
Batting: LHB Rich Kuehne
|
0-0: Called Strike 0-1: Ball 1-1: Ball 2-1: Foul Ball, location: 2F 2-2: Ball 3-2: Base on Balls Steve Jones to second
|
|
Batting: RHB Zach Downs
|
0-0: Called Strike 0-1: Ball 1-1: Ball Passed Ball! Steve Jones to third Rich Kuehne to second 2-1: Foul Ball, location: 2F 2-2: Ball 3-2: Ground out 6-3 (Groundball, 6, EV 101.2 MPH) Steve Jones scores
|
|
Batting: LHB Josh George
|
0-0: Called Strike 0-1: Ball 1-1: Ground out 6-3 (Groundball, 4M, EV 103.1 MPH) Rich Kuehne to third
|
|
Batting: RHB Matt McDevitt
|
0-0: Ball 1-0: Ball 2-0: Ground out 4-3 (Groundball, 4, EV 108.1 MPH)
|
| Bottom of the 1st over - 1 run, 1 hit, 0 errors, 1 left on base; Tennessee 1 - Reading 1 |
| TOP OF THE 2ND |
|
Tennessee Smokies batting - Pitching for Reading Fightin Phils : RHP Chad Capaldi
|
|
Batting: RHB Ryan Walker
|
0-0: Ball 1-0: Ball 2-0: Called Strike 2-1: Swinging Strike 2-2: Strikes out swinging
|
|
Batting: LHB Mark Ingram
|
0-0: Ball 1-0: Called Strike 1-1: Ground out 4-3 (Groundball, 34D, EV 108.1 MPH)
|
|
Batting: RHB Armando Vilano
|
0-0: Ball 1-0: Ball 2-0: Fly out, F6 (Popup, 6MD, EV 69.4 MPH)
|
| Top of the 2nd over - 0 runs, 0 hits, 0 errors, 0 left on base; Tennessee 1 - Reading 1 |
| BOTTOM OF THE 2ND |
|
Reading Fightin Phils batting - Pitching for Tennessee Smokies : LHP Colin Scott
|
|
Batting: LHB Danny Zuniga
|
0-0: Called Strike 0-1: Fly out, F3 (Popup, 23F, EV 86.2 MPH)
|
|
Batting: RHB Seung-mun Kim
|
0-0: Ball 1-0: SOLO HOME RUN (Flyball, 78XD, EV 101.9 MPH), Distance : 393 ft
|
|
Batting: RHB Frank Ramirez
|
0-0: Foul Ball, location: 2F 0-1: Swinging Strike 0-2: Ball 1-2: Foul Ball, location: 2F 1-2: Ball 2-2: Foul Ball, location: 2F 2-2: Strikes out looking
|
|
Batting: RHB Allen Deschamps
|
0-0: Called Strike 0-1: Called Strike 0-2: Ball 1-2: Ball 2-2: Strikes out swinging
|
| Bottom of the 2nd over - 1 run, 1 hit, 0 errors, 0 left on base; Tennessee 1 - Reading 2 |
| TOP OF THE 3RD |
|
Tennessee Smokies batting - Pitching for Reading Fightin Phils : RHP Chad Capaldi
|
|
Batting: RHB Dylan Burke
|
0-0: Ball 1-0: Foul Ball, location: 2F 1-1: Ball 2-1: Fly out, F9 (Flyball, 9, EV 92.5 MPH)
|
|
Batting: RHB Khalil Stephens
|
0-0: Called Strike 0-1: Swinging Strike 0-2: Ball 1-2: Strikes out swinging
|
|
Batting: RHB Heef Harted
|
0-0: Ball 1-0: Foul Ball, location: 2F 1-1: Swinging Strike 1-2: Ball 2-2: Fly out, F9 (Flyball, 9, EV 94.4 MPH)
|
| Top of the 3rd over - 0 runs, 0 hits, 0 errors, 0 left on base; Tennessee 1 - Reading 2 |
| BOTTOM OF THE 3RD |
|
Reading Fightin Phils batting - Pitching for Tennessee Smokies : LHP Colin Scott
|
|
Batting: RHB Steve Jones
|
0-0: Called Strike 0-1: Ball 1-1: Ground out 4-3 (Groundball, 34, EV 85.6 MPH)
|
|
Batting: LHB Rich Kuehne
|
0-0: Called Strike 0-1: Foul Ball, location: 2F 0-2: Ball 1-2: Strikes out swinging
|
|
Batting: RHB Zach Downs
|
0-0: Foul Ball, location: 2F 0-1: Ball 1-1: Ball 2-1: Ground out 6-3 (Groundball, 6, EV 91.9 MPH)
|
| Bottom of the 3rd over - 0 runs, 0 hits, 0 errors, 0 left on base; Tennessee 1 - Reading 2 |
| TOP OF THE 4TH |
|
Tennessee Smokies batting - Pitching for Reading Fightin Phils : RHP Chad Capaldi
|
|
Batting: RHB Bobby Gray
|
0-0: Ball 1-0: Ball 2-0: Ball 3-0: Base on Balls
|
|
Batting: RHB Leonardo Nava
|
0-0: Foul Ball, location: 2F 0-1: DOUBLE (Line Drive, 8LXD, EV 105.6 MPH) Bobby Gray to third Runner from 3rd tries for Home, SAFE, throw by CF to home
|
|
Batting: RHB Sam Sours
|
0-0: Ball 1-0: Swinging Strike 1-1: Ball 2-1: Ball 3-1: Called Strike 3-2: SINGLE (Line Drive, 8LS, EV 103.1 MPH) Leonardo Nava to third Runner from 3rd tries for Home, SAFE, throw by CF to home
|
|
Batting: RHB Ryan Walker
|
0-0: Foul Ball, location: 2F 0-1: Ball 1-1: Swinging Strike 1-2: Fly out, F8 (Flyball, 8RS, EV 95.6 MPH)
|
|
Batting: LHB Mark Ingram
|
0-0: Ball 1-0: Swinging Strike 1-1: Swinging Strike 1-2: Ball 2-2: Ball 3-2: Foul Ball, location: 2F 3-2: Foul Ball, location: 2F 3-2: Strikes out looking Sam Sours steals 2nd base Batter strikes out.
|
|
Batting: RHB Armando Vilano
|
0-0: Ground out 4-3 (Groundball, 4M, EV 82.5 MPH)
|
| Top of the 4th over - 2 runs, 2 hits, 0 errors, 1 left on base; Tennessee 3 - Reading 2 |
| BOTTOM OF THE 4TH |
|
Reading Fightin Phils batting - Pitching for Tennessee Smokies : LHP Colin Scott
|
|
Batting: LHB Josh George
|
0-0: Ball 1-0: Ball 2-0: Called Strike 2-1: Ball 3-1: Base on Balls
|
|
Batting: RHB Matt McDevitt
|
0-0: Ball 1-0: 2-RUN HOME RUN (Flyball, 7D, EV 94.4 MPH), Distance : 373 ft
|
|
Batting: LHB Danny Zuniga
|
0-0: Called Strike 0-1: Ball 1-1: Ball 2-1: Swinging Strike 2-2: SINGLE (Groundball, 4MD, EV 110.0 MPH)
|
|
Batting: RHB Seung-mun Kim
|
0-0: Foul Ball, location: 2F 0-1: Swinging Strike 0-2: Foul Ball, location: 2F 0-2: Foul Ball, location: 2F 0-2: Strikes out swinging
|
|
Batting: RHB Frank Ramirez
|
0-0: Called Strike 0-1: Called Strike 0-2: Ball 1-2: Strikes out swinging
|
|
Batting: RHB Allen Deschamps
|
0-0: Ball 1-0: Ball 2-0: Swinging Strike 2-1: SINGLE (Groundball, 4MD, EV 93.8 MPH) Danny Zuniga to second
|
|
Batting: RHB Steve Jones
|
0-0: Ball 1-0: Foul Ball, location: 2F 1-1: Foul Ball, location: 2F 1-2: Ball 2-2: Foul Ball, location: 2F 2-2: Fly out, F9 (Flyball, 9S, EV 83.1 MPH)
|
| Bottom of the 4th over - 2 runs, 3 hits, 0 errors, 2 left on base; Tennessee 3 - Reading 4 |
| TOP OF THE 5TH |
|
Tennessee Smokies batting - Pitching for Reading Fightin Phils : RHP Chad Capaldi
|
|
Pitching: LHP Scott Hopkins
|
|
|
Batting: RHB Dylan Burke
|
0-0: Foul Ball, location: 2F 0-1: Ball 1-1: Ball 2-1: Ball 3-1: Foul Ball, location: 2F 3-2: Foul Ball, location: 2F 3-2: Foul Ball, location: 2F 3-2: Ground out 5-3 (Groundball, 56, EV 93.8 MPH)
|
|
Batting: RHB Khalil Stephens
|
0-0: Ground out 1-3 (Groundball, 13S, EV 68.8 MPH)
|
|
Batting: RHB Heef Harted
|
0-0: Ball 1-0: Ball 2-0: Ball 3-0: Called Strike 3-1: Swinging Strike 3-2: SINGLE (Line Drive, 34, EV 108.1 MPH)
|
|
Batting: RHB Bobby Gray
|
0-0: Called Strike 0-1: Ball 1-1: Ball 2-1: Called Strike 2-2: Fly out, F9 (Flyball, 89M, EV 88.1 MPH)
|
| Top of the 5th over - 0 runs, 1 hit, 0 errors, 1 left on base; Tennessee 3 - Reading 4 |
| BOTTOM OF THE 5TH |
|
Reading Fightin Phils batting - Pitching for Tennessee Smokies : LHP Colin Scott
|
|
Batting: LHB Rich Kuehne
|
0-0: Called Strike 0-1: Called Strike 0-2: SINGLE (Line Drive, 56D, EV 95.6 MPH)
|
|
Pitching: RHP Eric Allen
|
|
|
Batting: RHB Zach Downs
|
0-0: Ball 1-0: Called Strike 1-1: Ball 2-1: Ball 3-1: Fly out, F4 (Popup, 4MS, EV 75.6 MPH)
|
|
Batting: LHB Josh George
|
0-0: Called Strike 0-1: Ball 1-1: Reached on error, E6 (Groundball, 6, EV 101.9 MPH) Rich Kuehne to second
|
|
Batting: RHB Matt McDevitt
|
0-0: Called Strike 0-1: Ball 1-1: Called Strike 1-2: Grounds into double play, 4-6-3 (Groundball, 4, EV 96.2 MPH)
|
| Bottom of the 5th over - 0 runs, 1 hit, 1 error, 1 left on base; Tennessee 3 - Reading 4 |
| TOP OF THE 6TH |
|
Tennessee Smokies batting - Pitching for Reading Fightin Phils : LHP Scott Hopkins
|
|
Batting: RHB Leonardo Nava
|
0-0: Called Strike 0-1: Called Strike 0-2: Strikes out looking
|
|
Batting: RHB Sam Sours
|
0-0: Called Strike 0-1: Foul Ball, location: 2F 0-2: Strikes out swinging
|
|
Batting: RHB Ryan Walker
|
0-0: Called Strike 0-1: Foul Ball, location: 2F 0-2: Ball 1-2: Foul Ball, location: 2F 1-2: Ball 2-2: Strikes out swinging
|
| Top of the 6th over - 0 runs, 0 hits, 0 errors, 0 left on base; Tennessee 3 - Reading 4 |
| BOTTOM OF THE 6TH |
|
Reading Fightin Phils batting - Pitching for Tennessee Smokies : RHP Eric Allen
|
|
Batting: LHB Danny Zuniga
|
0-0: Ball 1-0: Ball 2-0: Foul Ball, location: 2F 2-1: Called Strike 2-2: Foul Ball, location: 2F 2-2: Foul Ball, location: 2F 2-2: Ball 3-2: Ground out 5-3 (Groundball, 56, EV 97.5 MPH)
|
|
Batting: RHB Seung-mun Kim
|
0-0: Ball 1-0: Fly out, F9 (Flyball, 9LS, EV 89.4 MPH)
|
|
Batting: RHB Frank Ramirez
|
0-0: Foul Ball, location: 2F 0-1: Ball 1-1: Ball 2-1: Ball 3-1: Called Strike 3-2: Foul Ball, location: 2F 3-2: Base on Balls
|
|
Batting: RHB Allen Deschamps
|
0-0: Ball 1-0: Ball 2-0: Ball 3-0: Base on Balls Frank Ramirez to second
|
|
Batting: RHB Steve Jones
|
0-0: Ball 1-0: Fielders Choice at 2nd, U4 (Groundball, 4M, EV 100.6 MPH)
|
| Bottom of the 6th over - 0 runs, 0 hits, 0 errors, 2 left on base; Tennessee 3 - Reading 4 |
| TOP OF THE 7TH |
|
Tennessee Smokies batting - Pitching for Reading Fightin Phils : LHP Scott Hopkins
|
|
Pitching: RHP Alard Kraaijeveld
|
|
|
Batting: LHB Mark Ingram
|
0-0: Ball 1-0: Ball 2-0: Called Strike 2-1: Called Strike 2-2: Strikes out looking
|
|
Batting: RHB Armando Vilano
|
0-0: Ball 1-0: SINGLE (Groundball, 6M, EV 100.6 MPH) (infield hit)
|
|
Batting: RHB Dylan Burke
|
0-0: Ball 1-0: Foul Ball, location: 2F 1-1: Called Strike 1-2: Ball 2-2: Ball 3-2: Strikes out swinging Armando Vilano steals 2nd base Batter strikes out.
|
|
Batting: RHB Khalil Stephens
|
0-0: Ball 1-0: Fly out, F9 (Line Drive, 89S, EV 91.9 MPH)
|
| Top of the 7th over - 0 runs, 1 hit, 0 errors, 1 left on base; Tennessee 3 - Reading 4 |
| BOTTOM OF THE 7TH |
|
Reading Fightin Phils batting - Pitching for Tennessee Smokies : RHP Eric Allen
|
|
Pitching: RHP Jean-Paul Lefebvre
|
|
|
Batting: LHB Rich Kuehne
|
0-0: Swinging Strike 0-1: Ball 1-1: Ball 2-1: Ground out U3 (Groundball, 3, EV 81.2 MPH)
|
|
Batting: RHB Zach Downs
|
0-0: Foul Ball, location: 2F 0-1: Foul Ball, location: 2F 0-2: Ball 1-2: Ground out 6-3 (Groundball, 6, EV 85.6 MPH)
|
|
Batting: LHB Josh George
|
0-0: Ball 1-0: Swinging Strike 1-1: SOLO HOME RUN (Flyball, 8RXD, EV 116.9 MPH), Distance : 482 ft
|
|
Batting: RHB Matt McDevitt
|
0-0: Foul Ball, location: 2F 0-1: Ball 1-1: Foul Ball, location: 2F 1-2: Ball 2-2: Foul Ball, location: 2F 2-2: Foul Ball, location: 2F 2-2: Strikes out swinging
|
| Bottom of the 7th over - 1 run, 1 hit, 0 errors, 0 left on base; Tennessee 3 - Reading 5 |
| TOP OF THE 8TH |
|
Tennessee Smokies batting - Pitching for Reading Fightin Phils : RHP Alard Kraaijeveld
|
|
Batting: RHB Heef Harted
|
0-0: Called Strike 0-1: Ball 1-1: Foul Ball, location: 2F 1-2: Strikes out swinging
|
|
Batting: RHB Bobby Gray
|
0-0: Ball 1-0: Ball 2-0: Called Strike 2-1: Foul Ball, location: 2F 2-2: Strikes out swinging
|
|
Batting: RHB Leonardo Nava
|
0-0: Ball 1-0: Foul Ball, location: 2F 1-1: Ball 2-1: Ground out 6-3 (Groundball, 6, EV 90.6 MPH)
|
| Top of the 8th over - 0 runs, 0 hits, 0 errors, 0 left on base; Tennessee 3 - Reading 5 |
| BOTTOM OF THE 8TH |
|
Reading Fightin Phils batting - Pitching for Tennessee Smokies : RHP Jean-Paul Lefebvre
|
|
Batting: LHB Danny Zuniga
|
0-0: Foul Ball, location: 2F 0-1: Ball 1-1: Swinging Strike 1-2: Hit by Pitch
|
|
Batting: RHB Seung-mun Kim
|
0-0: Ball 1-0: Swinging Strike 1-1: Ball 2-1: Foul Ball, location: 2F 2-2: Strikes out looking
|
|
Batting: RHB Frank Ramirez
|
0-0: Fielders Choice at 2nd, 3-6 (Groundball, 13, EV 93.1 MPH)
|
|
Batting: RHB Allen Deschamps
|
0-0: Called Strike 0-1: Reached on error, E4 (Groundball, 4M, EV 85.6 MPH) Frank Ramirez to second
|
|
Batting: RHB Steve Jones
|
0-0: Ball 1-0: Ball 2-0: Foul Ball, location: 2F 2-1: Ground out 4-3 (Groundball, 4, EV 103.1 MPH)
|
| Bottom of the 8th over - 0 runs, 0 hits, 1 error, 2 left on base; Tennessee 3 - Reading 5 |
| TOP OF THE 9TH |
|
Tennessee Smokies batting - Pitching for Reading Fightin Phils : RHP Alard Kraaijeveld
|
|
Pitching: RHP Alex Florez
|
|
|
Now at 2B: Steve Jones
|
|
|
Now at SS: Cory Bonham
|
|
|
Batting: RHB Sam Sours
|
0-0: Ball 1-0: Ball 2-0: Called Strike 2-1: Ball 3-1: Called Strike 3-2: Ground out 1-3 (Groundball, 15S, EV 65.0 MPH)
|
|
Batting: RHB Ryan Walker
|
0-0: Called Strike 0-1: Ball 1-1: Foul Ball, location: 2F 1-2: Ball 2-2: Strikes out swinging
|
|
Batting: LHB Mark Ingram
|
0-0: Ball 1-0: Called Strike 1-1: Ball 2-1: Foul Ball, location: 2F 2-2: Strikes out looking
|
| Top of the 9th over - 0 runs, 0 hits, 0 errors, 0 left on base; Tennessee 3 - Reading 5 |
|